Map: New Repugnancy LE

Players

Lillekanin

  • Race: Terran Terran
  • Spawn Location: 1:00

Kas - Winner!

  • Race: Terran Terran
  • League: Platinum
  • Spawn Location: 7:00

Event: 2019 WCS Summer

VOD

Have the link to the VOD?

Description

Time

  • Played on: July 12, 2019, 8:30 a.m.
  • Length: 9:06

All games in this series

Show
View Real Time Build Order
Export as new Build Order

Lillekanin Terran 

Build Orders: Cyclone Opening, Mech 

Get SALT Encoding   

  12  0:00  SCV  
  13  0:12  SCV  
  14  0:18  Supply Depot  
  14  0:25  SCV  
  15  0:29  Refinery  
  15  0:39  SCV  
  16  0:45  Barracks  
  16  0:51  SCV  
  16  0:56  Refinery  
  17  1:03  SCV  
  18  1:15  SCV  
  20  1:34  Orbital Command  
  20  1:35  Reaper  
  20  1:39  Factory  
  20  1:51  Supply Depot  
  20  2:00  SCV  
  21  2:07  Barracks Tech Lab  
  21  2:12  SCV  
  22  2:24  SCV  
  23  2:33  Command Center  
  23  2:36  Cyclone  
  26  2:38  Reaper  
  26  2:42  SCV  
  27  2:54  SCV  
  28  3:02  Starport  
  27  3:06  SCV  
  27  3:08  Supply Depot  
  28  3:15  Mag-Field Accelerator  
  28  3:18  SCV  
  29  3:30  Refinery, Cyclone  
  29  3:31  SCV  
  32  3:43  SCV  
  32  3:44  Starport Tech Lab  
  31  3:55  SCV  
  30  4:01  Orbital Command  
  30  4:07  Cyclone  
  33  4:10  SCV  
  34  4:19  Refinery  
  34  4:21  Raven  
  34  4:23  SCV  
  37  4:31  SCV  
  38  4:37  SCV  
  38  4:43  SCV  
  38  4:44  Factory  
  39  4:53  SCV  
  39  4:55  SCV  
  39  4:57  Siege Tank  
  44  5:09  SCV x2  
  44  5:13  Factory  
  46  5:21  SCV  
  46  5:22  Armory, SCV  
  48  5:29  Starport Reactor  
  48  5:41  Siege Tank  
  51  5:46  Supply Depot  
  51  5:48  SCV  
  49  5:50  Siege Tank  
  49  5:55  SCV  
  53  6:00  SCV  
  53  6:03  Factory Reactor  
  54  6:07  SCV  
  55  6:12  Viking  
  55  6:16  Viking  
  59  6:27  SCV  
  59  6:31  Siege Tank  
  64  6:32  SCV  
  64  6:43  SCV  
  64  6:44  SCV, Hellion  
  64  6:47  Supply Depot  
  68  6:55  SCV  
  68  6:56  Siege Tank  
  68  6:59  SCV  
  73  7:04  Viking  
  75  7:15  Siege Tank, Hellion  
  80  7:19  SCV x2  
  80  7:21  Hellion  
  83  7:31  SCV  
  83  7:33  Viking  
  75  7:49  Siege Tank, Hellion x2  
  66  8:00  Viking  
  66  8:02  Siege Tank  
Show
View Real Time Build Order
Export as new Build Order

Kas Terran - Winner!

Build Orders:  

Get SALT Encoding   

  12  0:00  SCV  
  13  0:13  SCV  
  14  0:17  Supply Depot  
  14  0:25  SCV  
  15  0:28  Refinery  
  15  0:39  SCV  
  16  0:45  Barracks  
  16  0:51  SCV  
  17  0:58  Refinery  
  17  1:03  SCV  
  18  1:15  SCV  
  19  1:33  Orbital Command, Factory  
  19  1:37  Reaper  
  20  1:46  Supply Depot  
  20  1:58  SCV  
  21  2:10  SCV, Reaper  
  23  2:18  Hellion  
  26  2:22  SCV  
  26  2:27  Command Center  
  26  2:36  SCV  
  26  2:40  Hellion  
  26  2:42  Reaper  
  29  2:49  SCV  
  29  3:01  SCV  
  29  3:05  Factory Tech Lab  
  30  3:06  Starport  
  30  3:09  Supply Depot  
  30  3:14  Barracks Tech Lab  
  30  3:19  SCV  
  31  3:31  Cyclone  
  34  3:36  SCV  
  33  3:48  SCV  
  32  3:49  Refinery  
  32  3:54  Orbital Command  
  29  4:00  Raven, SCV  
  32  4:03  Siege Tank  
  32  4:08  Barracks Reactor  
  35  4:12  SCV  
  36  4:20  SCV  
  37  4:24  SCV  
  38  4:33  SCV  
  38  4:35  Siege Tank  
  38  4:36  SCV  
  43  4:43  Command Center  
  43  4:45  SCV  
  44  4:48  Marine, SCV  
  44  4:49  Marine  
  47  4:57  SCV, Supply Depot  
  48  5:00  SCV  
  49  5:09  SCV  
  49  5:10  Siege Tank  
  53  5:16  SCV  
  53  5:17  Supply Depot  
  53  5:18  Raven, Marine x2  
  59  5:21  SCV  
  59  5:26  Supply Depot x2  
  59  5:28  SCV  
  60  5:42  SCV  
  61  5:45  Siege Tank, SCV  
  61  5:46  Marine x2  
  67  5:54  SCV  
  67  5:56  Orbital Command  
  68  6:00  SCV  
  69  6:13  Engineering Bay  
  69  6:14  Engineering Bay  
  69  6:15  SCV  
  69  6:16  SCV  
  69  6:17  Barracks, Siege Tank, Refinery  
  69  6:18  Barracks  
  74  6:21  Viking x2  
  78  6:26  Orbital Command  
  78  6:27  SCV  
  78  6:29  SCV  
  80  6:35  Marauder  
  80  6:39  SCV  
  83  6:40  Barracks  
  83  6:41  Barracks, SCV  
  83  6:44  Terran Infantry Weapons Level 1  
  83  6:46  Terran Infantry Armor Level 1  
  84  6:50  Siege Tank  
  84  6:51  SCV x2  
  89  6:58  SCV  
  89  7:01  Marauder  
  92  7:03  SCV  
  92  7:06  Barracks Reactor, Barracks Tech Lab  
  92  7:08  SCV  
  94  7:10  Viking, SCV  
  94  7:15  Viking  
  96  7:19  Supply Depot  
  96  7:20  Supply Depot  
  96  7:22  Marauder, Supply Depot  
  98  7:29  Barracks Reactor, Barracks Tech Lab  
  98  7:30  Marauder  
  98  7:43  Marine  
  95  7:51  Marauder x2  
  92  7:53  SCV  
  92  7:56  Siege Tank  
  92  7:57  Orbital Command, Marine  
  91  8:01  Marauder, Marine  
  91  8:05  SCV  
  90  8:06  Marine  
  90  8:07  Refinery  
  90  8:09  Marine  
  90  8:10  Viking  
  90  8:12  Marauder  
  93  8:13  Marauder  
  93  8:15  Marine  
  93  8:17  SCV  
  93  8:18  Marine  
  93  8:33  Marine x2  
  98  8:38  Marine x2  
  98  8:39  Orbital Command  
Tags
 
Add a new tag
Caveats
  • Supply blocks, unpowered buildings, or Contaminate may cause inaccurate times.
  • Supply counts are checked every 10 seconds.